 Dungeon Crawl Stone Soup version 0.27-a0-457-gba82baf56e (webtiles) character file.

Game seed: 9004599508159187308

71165 Morbidden the Thaumaturge (level 14, -6/116 HPs)
             Began as a Demigod Venom Mage on Feb 27, 2021.
             Killed from afar by Jorgrun (10 damage)
             ... with an iron shot
             ... while petrified by Jorgrun
             ... on level 1 of the Orcish Mines on Feb 28, 2021.
             The game lasted 00:53:18 (30875 turns).

Morbidden the Thaumaturge (Demigod Venom Mage)     Turns: 30875, Time: 00:53:18

Health: -6/116     AC: 18    Str: 19      XL:     14   Next: 54%
Magic:  20/34      EV: -1    Int: 35 (36) God:
Gold:   2977       SH:  0    Dex: 24      Spells: 20/36 levels left

rFire    . . .     SeeInvis .   b - +11 dagger "Kasor" {speed, Int+3 Dex+2}
rCold    . . .     Faith    .   s - +0 buckler
rNeg     + + +     Spirit   .   C - +3 pearl dragon scales
rPois    ∞         Reflect  .   d - +0 helmet
rElec    .         Harm     .   e - scarf {+Inv}
rCorr    .         Rampage  .   F - +0 pair of gloves
Will     +....                  V - +0 pair of boots "Qatel" {Int-2 Dex+8 Slay+5}
Stlth    +.........             K - amulet of magic regeneration
HPRegen  0.29/turn              y - +6 ring of intelligence
MPRegen  0.49/turn              f - +6 ring of strength

@: petrified, grasped by roots, very slightly contaminated, constricted
A: high mp 1
a: Evoke Invisibility


You were on level 1 of the Orcish Mines.
You visited 3 branches of the dungeon, and saw 21 of its levels.

You collected 3477 gold pieces.
You spent 500 gold pieces at shops.

Inventory:

Hand Weapons
 a - a +7 vampiric double sword
 b - the +11 dagger "Kasor" (weapon) {speed, Int+3 Dex+2}
   (You found it on level 11 of the Dungeon)

   Attacks with this weapon are significantly faster.
   It affects your intelligence (+3).
   It affects your dexterity (+2).
 R - a +0 scimitar of protection
 T - a +1 long sword of flaming
Missiles
 M - a curare-tipped dart (quivered)
 S - 4 throwing nets
Armour
 d - a +0 helmet (worn)
 e - a scarf of invisibility (worn)
 s - a +0 buckler (worn)
 C - +3 pearl dragon scales (worn)
 F - a +0 pair of gloves (worn)
 I - a +0 kite shield
 V - the +0 pair of boots "Qatel" (worn) {Int-2 Dex+8 Slay+5}
   (You acquired it on level 4 of the Lair of Beasts)

   It affects your intelligence (-2).
   It affects your dexterity (+8).
   It affects your accuracy and damage with ranged weapons and melee attacks
   (+5).
Jewellery
 f - a +6 ring of strength (right hand)
 h - a ring of ice
 y - a +6 ring of intelligence (left hand)
 B - a ring of protection from fire
 D - a ring of protection from fire
 K - an amulet of magic regeneration (around neck)
Wands
 p - a wand of charming (3)
 q - a wand of random effects (41)
 L - a wand of polymorph (7)
 N - a wand of paralysis (16)
 Q - a wand of flame (113)
 W - a wand of digging (12)
Scrolls
 i - 11 scrolls of identify
 k - 5 scrolls of magic mapping
 l - 2 scrolls of amnesia
 n - 3 scrolls of teleportation
 v - 2 scrolls of blinking
 x - 2 scrolls of vulnerability
 A - 2 scrolls of fog
 J - a scroll of fear
 O - 3 scrolls of magic mapping
 X - a scroll of enchant weapon
 Y - a scroll of torment {unknown}
Potions
 c - 4 potions of haste
 g - 6 potions of might
 j - a potion of magic {unknown}
 m - a potion of ambrosia
 o - 2 potions of flight {unknown}
 r - a potion of brilliance
 u - a potion of heal wounds
 w - 2 potions of mutation
 z - 7 potions of curing
 E - 2 potions of lignification
 G - 2 potions of attraction
 P - 5 potions of resistance
Miscellaneous
 t - a box of beasts
 H - a lightning rod (4/4)


   Skills:
 * Level 8.6 Fighting
 + Level 4.6(6.3) Short Blades
 * Level 6.8(7.4) Long Blades
 + Level 0.1 Throwing
 + Level 5.0 Armour
 * Level 8.6 Dodging
 + Level 2.6 Stealth
 + Level 4.9 Shields
 * Level 11.6 Spellcasting
 * Level 4.9 Necromancy
 + Level 5.9 Transmutations
 + Level 2.2 Fire Magic
 * Level 5.9 Air Magic
 + Level 10.2 Poison Magic
 + Level 0.4 Evocations


You had 20 spell levels left.
You knew the following spells:

 Your Spells              Type           Power        Failure   Level
a - Poisonous Vapours     Pois/Air       100%         1%          2
b - Vampiric Draining     Necr           26%          3%          3
c - Olgreb's Toxic Radia  Pois           75%          1%          4
x - Airstrike             Air            29%          6%          4
z - Ignite Poison         Fire/Tmut/Pois 58%          1%          3

Your spell library contained the following spells:

 Spells                   Type           Power        Failure   Level
 Animate Skeleton         Necr           100%         1%          1
 Pain                     Necr           100%         1%          1
 Sting                    Tmut/Pois      100%         1%          1
 Swiftness                Air            58%          1%          2
 Shock                    Conj/Air       100%         2%          1
 Mephitic Cloud           Conj/Pois/Air  55%          2%          3
 Static Discharge         Conj/Air       41%          7%          3
 Corona                   Hex            22%          8%          1
 Animate Dead             Necr           26%          10%         4
 Ensorcelled Hibernation  Hex/Ice        40%          12%         2
 Confusing Touch          Hex            20%          22%         3
 Dazzling Flash           Conj/Hex       40%          22%         3
 Tukima's Dance           Hex            20%          22%         3
 Agony                    Necr           53%          28%         5
 Lightning Bolt           Conj/Air       20%          52%         5
 Fireball                 Conj/Fire      14%          78%         5
 Iron Shot                Conj/Erth      10%          100%        6


Dungeon Overview and Level Annotations

Branches:
Dungeon (13/15)            Temple (0/1) D:5            Lair (6/6) D:11
 Shoals (0/4) Lair:2       Spider (0/4) Lair:3        Slime (0/5) Lair:6
    Orc (2/2) D:10            Elf (0/3) Orc:2
 Vaults: D:13-14

Shops:
D:4 **

Annotations:
D:2 1 runed translucent door, Crazy Yiuf
Orc:1 Jorgrun


Innate Abilities, Weirdness & Mutations

You have an increased reservoir of magic. (+10% MP)


Message History

Casting: Olgreb's Toxic Radiance (mildly dangerous; 1% risk of failure)
Confirm with . or Enter, or press ? or * to list all spells.
You miscast Ignite Poison.
You are very lightly contaminated with residual magic.
Nothing appears to happen.
Jorgrun looks even sicker.
Your toxic aura wanes.
Jorgrun says, "'tis place shall be yer tomb!"
Jorgrun gestures at you while chanting. The iron shot hits you!!
* * * LOW HITPOINT WARNING * * *
Your limbs are stiffening.
Unknown command.
Unknown command.
Unknown command.
Unknown command.
Unknown command.
Unknown command.
Unknown command.
Okay, then.
You feel much better.
Jorgrun points at you and mumbles some strange words.
Your limbs have turned to stone.
Jorgrun casts a spell at you.
Roots burst forth from the earth!
The grasping roots grab you! The grasping roots constrict you!
You have turned to stone.
Jorgrun gestures at you while chanting. The iron shot hits you!
* * * LOW HITPOINT WARNING * * *
x2 The grasping roots constrict you!
Jorgrun hits you but does no damage.
* * * LOW HITPOINT WARNING * * *
The grasping roots constrict you!
Jorgrun points at you and mumbles some strange words.
The iron shot hits you!!
* * * LOW HITPOINT WARNING * * *
x2 The grasping roots constrict you!
Jorgrun casts a spell at you. The iron shot hits you!!
You die...

#.... #.....#.#......###
##...##..............#..
##.....................
#.......#......####...
#......##.#..### #....
......#....##.# ###..
#..#####...#### #.# # ..
##.....# ### ## ### .
#@....## .##
#.###....g.....# ..##
##...#........###
...###...###.....###
...........##....#
......##....##.###
#.)..#####..### ###).###
##...# .#...#.###....#


You could see Jorgrun (poisoned).

Vanquished Creatures
  An orc warlord (Orc:2)
  Nessos (Lair:4)
  Harold (Lair:1)
  A boulder beetle (D:12)
  7 hydras
  16 death yaks (Lair:6)
  3 two-headed ogres
  An orc high priest (Orc:2)
  Sonja (D:10)
  2 orc knights (Orc:2)
  A deep elf pyromancer (D:9)
  2 orc sorcerers (Orc:2)
  A manticore (D:11)
  A cyclops (D:11)
  An oklob plant (Lair:4)
  4 black mambas
  Joseph (D:9)
  13 elephants
  A gargoyle (D:12)
  13 cane toads
  A torpor snail (Lair:2)
  Psyche (D:10)
  2 rime drakes
  10 komodo dragons
  6 trolls
  5 polar bears
  Prince Ribbit (D:9)
  8 slime creatures
  7 hornets
  9 blink frogs
  5 dream sheep (Lair:6)
  11 spriggans (Lair:6)
  4 redbacks (Lair:3)
  2 wraiths
  5 wyverns
  A vampire (D:11)
  45 yaks
  Eustachio (D:5)
  6 basilisks
  Duvessa (D:7)
  20 water moccasins
  3 ice beasts
  4 sky beasts
  10 black bears
  18 orc warriors
  11 ogres
  22 wolves
  5 boggarts (Lair:6)
  7 centaurs
  A phantom (D:7)
  3 kobold brigands
  19 bullfrogs
  A wyvern zombie (D:9)
  Dowan (D:7)
  3 scorpions
  15 killer bees
  3 wights (D:8)
  3 electric eels
  A bullfrog zombie (D:12)
  2 centaur zombies
  5 hounds
  A jelly (D:10)
  13 orc priests
  A centaur skeleton (D:6)
  3 bullfrog skeletons
  Terence (D:3)
  8 worker ants
  Ijyb (D:4)
  17 orc wizards
  11 hell rats
  A hound zombie (D:5)
  A howler monkey zombie (D:8)
  A worker ant zombie (D:5)
  9 adders
  18 gnolls
  A howler monkey skeleton (D:8)
  A white imp (D:5)
  2 ufetubi
  2 oozes
  An adder skeleton (D:8)
  2 worms (D:5)
  2 dart slugs
  7 leopard geckos
  55 orcs
  A ball python (D:1)
  5 giant cockroaches
  9 goblins
  6 hobgoblins
  5 jackals
  A quokka (D:4)
  4 bats
  5 frilled lizards
  A jackal skeleton (D:6)
  40 kobolds
  9 rats
605 creatures vanquished.

Vanquished Creatures (others)
  2 bushes (Lair:6)
  34 fungi
  43 plants
79 creatures vanquished.

Grand Total: 684 creatures vanquished

Notes
Turn   | Place    | Note
-------+----------+-------------------------------------------
     0 | D:1      | Morbidden the Demigod Venom Mage began the quest for the
                  | Orb.
     0 | D:1      | Reached XP level 1. HP: 14/14 MP: 5/5
   356 | D:1      | Reached XP level 2. HP: 22/22 MP: 4/7
   519 | D:1      | Reached skill level 1 in Fighting
   525 | D:1      | Reached skill level 2 in Spellcasting
   527 | D:1      | Reached skill level 1 in Transmutations
   780 | D:1      | Learned a level 2 spell: Poisonous Vapours
  1158 | D:1      | Reached XP level 3. HP: 28/28 MP: 5/8
  1613 | D:2      | Reached XP level 4. HP: 34/36 MP: 5/10
  1659 | D:2      | Found a white marble altar of Elyvilon.
  1778 | D:2      | Found a runed translucent door.
  1779 | D:2      | Noticed Crazy Yiuf
  2400 | D:3      | Found a faded altar of an unknown god.
  2764 | D:3      | Reached XP level 5. HP: 41/41 MP: 6/12
  2779 | D:3      | Reached skill level 3 in Spellcasting
  2984 | D:3      | Found a snail-covered altar of Cheibriados.
  2984 | D:3      | Noticed a torpor snail
  2984 | D:3      | Noticed a torpor snail
  2984 | D:3      | Noticed a torpor snail
  3074 | D:3      | Noticed Terence
  3077 | D:3      | Killed Terence
  3469 | D:3      | Found a stormy altar of Qazlal.
  3544 | D:4      | Noticed a centaur
  3549 | D:4      | Killed a centaur
  3550 | D:4      | Reached skill level 1 in Air Magic
  3550 | D:4      | Reached XP level 6. HP: 29/48 MP: 7/14
  3568 | D:3      | Found a shimmering altar of Xom.
  3946 | D:4      | Noticed Ijyb
  3953 | D:4      | Killed Ijyb
  4055 | D:4      | Found Zin's Purification Station.
  4056 | D:4      | Found a glowing silver altar of Zin.
  4361 | D:4      | Reached skill level 4 in Spellcasting
  4518 | D:4      | Found Luigioc's General Store.
  4522 | D:4      | Bought a potion of heal wounds for 55 gold pieces
  4868 | D:5      | Entered Level 5 of the Dungeon
  4915 | D:5      | Found an ornate altar of the Wu Jian Council.
  4999 | D:5      | Found a shimmering altar of Xom.
  5001 | D:5      | Found a white marble altar of Elyvilon.
  5002 | D:5      | Found an ancient bone altar of Kikubaaqudgha.
  5004 | D:5      | Identified the +0 robe "Nuqeapewn" {Dex+7}
  5020 | D:5      | Identified the +9 hand axe of Disgust {flame, rF- rC+
                  | Will++ Int+8}
  5134 | D:5      | Noticed Eustachio
  5148 | D:5      | Killed Eustachio
  5149 | D:5      | Reached XP level 7. HP: 56/56 MP: 4/16
  5339 | D:5      | Found a staircase to the Ecumenical Temple.
  5362 | D:5      | Found a basalt altar of Yredelemnul.
  5363 | D:5      | Found a shimmering blue altar of Sif Muna.
  5698 | D:5      | Learned a level 4 spell: Olgreb's Toxic Radiance
  6844 | D:6      | Found a snail-covered altar of Cheibriados.
  6896 | D:6      | Reached skill level 1 in Short Blades
  7035 | D:6      | Reached skill level 5 in Poison Magic
  7046 | D:6      | Reached skill level 5 in Spellcasting
  7046 | D:6      | Reached XP level 8. HP: 37/63 MP: 7/19
  7527 | D:6      | Found a hazy altar of Hepliaklqana.
  7915 | D:7      | Noticed Duvessa
  7930 | D:7      | Noticed Dowan
  7938 | D:7      | Killed Duvessa
  8190 | D:7      | Killed Dowan
  8718 | D:7      | Reached skill level 1 in Armour
  9212 | D:8      | Reached XP level 9. HP: 38/67 MP: 17/21
  9510 | D:8      | Reached skill level 1 in Long Blades
  9700 | D:8      | Reached skill level 6 in Spellcasting
 10812 | D:9      | Reached skill level 5 in Dodging
 11039 | D:9      | Noticed Joseph
 11058 | D:9      | Killed Joseph
 11064 | D:9      | Learned a level 3 spell: Ignite Poison
 11206 | D:9      | Reached skill level 1 in Shields
 11621 | D:9      | Found a sacrificial altar of Ru.
 11622 | D:9      | Noticed a deep elf pyromancer
 11627 | D:9      | Killed a deep elf pyromancer
 11628 | D:9      | Reached XP level 10. HP: 57/80 MP: 14/24
 12387 | D:9      | Noticed Prince Ribbit
 12396 | D:9      | Reached skill level 5 in Fighting
 12427 | D:9      | Killed Prince Ribbit
 12428 | D:9      | Reached skill level 7 in Spellcasting
 12743 | D:10     | Entered Level 10 of the Dungeon
 12991 | D:10     | Noticed Psyche
 13013 | D:10     | Killed Psyche
 13417 | D:10     | Noticed Sonja
 13426 | D:10     | Killed Sonja
 13718 | D:10     | Found a staircase to the Orcish Mines.
 13868 | D:11     | Noticed a two-headed ogre
 13871 | D:11     | Killed a two-headed ogre
 14086 | D:11     | Identified the +11 dagger "Kasor" {speed, Int+3 Dex+2}
 14116 | D:11     | Reached XP level 11. HP: 82/88 MP: 27/27
 14229 | D:11     | Reached skill level 8 in Spellcasting
 14527 | D:11     | Found a staircase to the Lair.
 14755 | D:11     | Noticed a two-headed ogre
 14759 | D:11     | Killed a two-headed ogre
 14762 | D:11     | Reached skill level 1 in Fire Magic
 14980 | D:11     | Noticed a six-headed hydra
 15037 | D:11     | Killed a six-headed hydra
 15270 | D:12     | Noticed a two-headed ogre
 15391 | D:12     | Killed a two-headed ogre
 16032 | D:12     | Noticed a boulder beetle
 16038 | D:12     | Killed a boulder beetle
 16139 | D:12     | Identified the +5 ring mail of Gehenna {Str+3}
 16506 | D:11     | Reached skill level 9 in Spellcasting
 16688 | D:12     | Found a basalt altar of Yredelemnul.
 17770 | D:13     | Noticed a skeletal warrior
 17821 | Lair:1   | Entered Level 1 of the Lair of Beasts
 17821 | Lair:1   | Noticed Harold
 17825 | Lair:1   | Killed Harold
 17826 | Lair:1   | Reached XP level 12. HP: 97/97 MP: 17/29
 18290 | D:11     | Found a staircase to the Lair.
 21046 | D:4      | Bought a book of Necromancy for 330 gold pieces
 21046 | D:4      | Bought 3 scrolls of magic mapping for 115 gold pieces
 21050 | D:4      | Learned a level 3 spell: Vampiric Draining
 21347 | Lair:2   | Identified the Disquisition on Clay and the Volcanoes
 21451 | Lair:2   | Reached skill level 1 in Necromancy
 21457 | Lair:2   | Reached skill level 5 in Transmutations
 21513 | Lair:2   | Found a staircase to the Shoals.
 23075 | Lair:3   | Found a hole to the Spider Nest.
 23600 | Lair:3   | Identified a scroll of acquirement
 23600 | Lair:3   | Acquired a +1 vampiric double sword
 24755 | Lair:4   | Noticed Nessos
 24760 | Lair:4   | Killed Nessos
 24761 | Lair:4   | Reached XP level 13. HP: 74/105 MP: 8/31
 26145 | Lair:4   | Acquired the +0 pair of boots "Qatel" {Int-2 Dex+8 Slay+5}
 26147 | Lair:4   | Acquired 699 gold pieces
 26151 | Lair:4   | Acquired a book of Air
 26158 | Lair:4   | Learned a level 4 spell: Airstrike
 26375 | Lair:5   | Reached skill level 10 in Spellcasting
 26676 | Lair:5   | Reached skill level 5 in Long Blades
 27647 | Lair:6   | Entered Level 6 of the Lair of Beasts
 27647 | Lair:6   | Found a staircase to the Slime Pits.
 27647 | Lair:6   | Found a viscous altar of Jiyva.
 28497 | Lair:6   | Reached skill level 5 in Air Magic
 28521 | Lair:6   | Reached skill level 11 in Spellcasting
 28562 | Lair:6   | Reached XP level 14. HP: 94/115 MP: 17/34
 28644 | Lair:6   | Reached skill level 10 in Poison Magic
 30000 | Lair:6   | Upgraded the game from 0.27-a0-445-gbe96e517c0 to
                  | 0.27-a0-457-gba82baf56e
 30162 | Orc:1    | Entered Level 1 of the Orcish Mines
 30365 | Orc:2    | Entered Level 2 of the Orcish Mines
 30365 | Orc:2    | Found a staircase to the Elven Halls.
 30543 | Orc:2    | Noticed an orc warlord
 30571 | Orc:2    | Killed an orc warlord
 30572 | Orc:2    | Reached skill level 5 in Armour
 30839 | Orc:1    | Acquired 876 gold pieces
 30853 | Orc:1    | Noticed Jorgrun
 30874 | Orc:1    | HP: 4/116 [Jorgrun/+0 vorpal quarterstaff (4)]
 30875 | Orc:1    | Killed from afar by Jorgrun

Illustrated notes

Levels and vault maps discovered:
D:1:      dpeg_arrival_ternary, layout_basic
D:2:      layout_basic, elyvilon_altar_1, uniq_crazy_yiuf_cottage
D:3:      layout_basic, lemuel_coloured_pillars_altar, cheibriados_altar_2,
          chequers_ecumenical_altar_simple, lemuel_statue_altar, uniq_terence
D:4:      layout_loops_ring, zin_purify, serial_shops, shop, uniq_ijyb
D:5:      kennysheep_windowed_halls, layout_basic, grunt_temple_overflow_open,
          nzn_wu_jian_council_hall, chequers_temple_overflow_statue_of_worship,
          temple_statues, uniq_eustachio
D:6:      layout_basic, kennysheep_mini_moat, basic_altar
D:7:      layout_basic, uniq_duvessa
D:8:      layout_basic
D:9:      kennysheep_kobold_camp, layout_basic, david_defended_altar_elf,
          uniq_prince_ribbit1, uniq_joseph
D:10:     layout_cave_pools, erik_orc_2, uniq_sonja, uniq_psyche
D:11:     minmay_weird_star, layout_long_grid, lair_entry_dummy,
          minmay_misc_feat_rows
D:12:     layout_layer_cave, drop_trap, lemuel_tele_altar
D:13:     minmay_stepped, layout_irregular_city,
          skrybe_vaults_entry_preservation, serial_shops,
          nicolae_shop_overgrown_old_shop, uniq_azrael, uniq_erolcha, uniq_snorg
Lair:1:   layout_small_grid, grunt_megastairs_3, serial_bayou_shore_b,
          serial_bayou_shore_b, uniq_harold
Lair:2:   layout_cave_pods, shoals_dummy_entry
Lair:3:   layout_cave_pods, spider_nest_entry_webs, beast_lair_carwin_4
Lair:4:   layout_long_grid, serial_bayou_pond_a, uniq_nessos
Lair:5:   layout_regular_city, beast_lair_carwin_9, grunt_megastairs_2
Lair:6:   minmay_lair_end_enchanted_forest, layout_long_grid, slime_altar_1,
          amcnicky_mini_pool_medium, lemuel_fruit_tree
Orc:1:    layout_diamond_mine, uniq_jorgrun
Orc:2:    st_orc_congregation, layout_diamond_mine

Skill      XL: |  1  2  3  4  5  6  7  8  9 10 11 12 13 14 |
---------------+-------------------------------------------+-----
Poison Magic   | 3 4 5 6 7 8 9 10 | 10.2
Fighting       | 1 2 3 4 5 6 7 8 |  8.6
Spellcasting   | 2 3 4 5 6 7 9 11 | 11.6
Transmutations | 1 2 4 5 |  5.9
Dodging        | 2 3 4 5 6 7 8 |  8.6
Air Magic      | 1 2 3 5 |  5.9
Stealth        | 2 |  2.6
Short Blades   | 1 3 4 |  4.6
Armour         | 1 2 3 4 5 |  5.0
Long Blades    | 3 4 5 6 |  6.8
Shields        | 1 2 4 |  4.9
Fire Magic     | 1 2 |  2.2
Necromancy     | 2 4 |  4.9
Throwing       | |  0.1
Evocations     | |  0.4

Action                   |  1- 3 |  4- 6 |  7- 9 | 10-12 | 13-15 || total
-------------------------+-------+-------+-------+-------+-------++-------
Melee: Dagger            |     3 |     1 |   106 |   551 |   455 ||  1116
       Unarmed           |     1 |       |       |       |       ||     1
       Long sword        |       |       |    98 |       |       ||    98
       Scimitar          |       |       |    80 |   103 |       ||   183
       Demon blade       |       |       |       |    33 |       ||    33
       Double sword      |       |       |       |     5 |     5 ||    10
Throw: Dart              |       |       |       |     9 |     2 ||    11
 Cast: Sting             |    67 |    46 |   100 |     8 |       ||   221
       Poisonous Vapours |     1 |    68 |   110 |    49 |     5 ||   233
       Ignite Poison     |       |       |     1 |    54 |    40 ||    95
       Olgreb's Toxic Ra |       |       |       |    65 |    56 ||   121
       Vampiric Draining |       |       |       |     5 |    30 ||    35
       Airstrike         |       |       |       |       |    42 ||    42
Evoke: Wand              |       |       |     5 |     1 |       ||     6
       Lightning rod     |       |       |       |     4 |       ||     4
       Box of beasts     |       |       |       |       |     1 ||     1
  Use: Scroll            |       |       |     2 |    21 |    10 ||    33
       Potion            |       |       |       |       |     3 ||     3
Armor: Robe              |     2 |     8 |     6 |       |       ||    16
       Pearl dragon scal |       |       |   191 |   221 |   138 ||   550
Dodge: Dodged            |    20 |    25 |   216 |   284 |   212 ||   757
Block: Buckler           |       |     2 |    54 |   121 |   111 ||   288
       Rpst.: Long sword |       |       |    21 |       |       ||    21
       Scimitar          |       |       |    21 |    15 |       ||    36
       Demon blade       |       |       |       |    16 |       ||    16

Table legend: (Time is in decaauts)
 A = Elapsed time spent in this place.
 B = Non-inter-level travel time spent in this place.
 C = Inter-level travel time spent in this place.
 D = Time resting spent in this place.
 E = Time spent auto-exploring this place.
 F = Levels seen in this place.
 G = Mean time per level.
                   A        B        C        D        E       F      G
               +--------+--------+--------+--------+--------+-----+--------+
         Total |  30553 |  28767 |   1786 |   2174 |  22508 |  21 | 1454.9 |
       Dungeon |  19267 |  18120 |   1147 |   1131 |  14182 |  13 | 1482.1 |
          Lair |  10601 |   9968 |    633 |    918 |   7940 |   6 | 1766.8 |
  Orcish Mines |    685 |    680 |      5 |    125 |    385 |   2 |  342.5 |
               +--------+--------+--------+--------+--------+-----+--------+

Top non-repeatable levels by time:
    D:11: 2857 daAuts
     D:9: 2284 daAuts
  Lair:3: 2225 daAuts
  Lair:6: 2078 daAuts
    D:12: 2018 daAuts
     D:5: 1805 daAuts
     D:8: 1770 daAuts
  Lair:4: 1712 daAuts
  Lair:1: 1650 daAuts
  Lair:5: 1494 daAuts
     D:6: 1458 daAuts
  Lair:2: 1440 daAuts
     D:4: 1295 daAuts
     D:3: 1258 daAuts
     D:2: 1201 daAuts
